 Dungeon Crawl Stone Soup version 0.25.1-2-g60ff931df9 (webtiles) character file.

Game seed: 17715593582797897353

149 Borneo the Firebug (level 4, -3/33 HPs)
             Began as a Demigod Fire Elementalist on Nov 1, 2020.
             Killed from afar by Grinder (12 damage)
             ... with a puff of flame
             ... on level 3 of the Dungeon.
             The game lasted 00:09:19 (3339 turns).

Borneo the Firebug (Demigod Fire Elementalist)      Turns: 3339, Time: 00:09:20

Health: -3/33      AC:  2    Str: 11    XL:     4   Next: 82%
Magic:  0/11       EV: 13    Int: 21    God:
Gold:   126        SH:  0    Dex: 16    Spells: 2/9 levels left

rFire    . . .     SeeInvis .   (no weapon)
rCold    . . .     Gourm    .   (no shield)
rNeg     . . .     Faith    .   a - +0 robe
rPois    .         Spirit   .   (no helmet)
rElec    .         Reflect  .   (no cloak)
rCorr    .         Harm     .   (no gloves)
MR       .....                  (no boots)
Stlth    ++........             (no amulet)
HPRegen  0.11/turn              (no ring)
MPRegen  0.12/turn              (no ring)

@: no status effects
A: high mp 1
a: no special abilities


You were on level 3 of the Dungeon.
You were not hungry.

You visited 1 branch of the dungeon, and saw 3 of its levels.

You collected 126 gold pieces.

Inventory:

Armour
 a - a +0 robe (worn)
Wands
 i - a wand of paralysis (7)
Scrolls
 b - a scroll of identify {unknown}
 d - a scroll of remove curse
 h - a scroll of enchant weapon {unknown}
 k - a scroll of teleportation
Potions
 e - a potion of flight {unknown}
 g - a potion of lignification {unknown}
 j - a potion of degeneration {unknown}
 l - a potion of heal wounds {unknown}
Comestibles
 c - 6 rations
 f - 6 chunks of flesh


   Skills:
 + Level 2.1 Dodging
 + Level 2.1 Stealth
 + Level 3.0 Spellcasting
 + Level 2.0 Conjurations
 + Level 3.7 Fire Magic


You had 2 spell levels left.
You knew the following spells:

 Your Spells              Type           Power        Failure   Level  Hunger
a - Foxfire               Conj/Fire      ###.         4%          1    None
b - Conjure Flame         Conj/Fire      ###.....     12%         3    ###....
c - Inner Flame           Hex/Fire       ##......     19%         3    ###....

Your spell library contained the following spells:

 Spells                   Type           Power        Failure   Level  Hunger
 Sticky Flame             Conj/Fire      ###.....     38%         4    ####...
 Fireball                 Conj/Fire      ###.......   75%         5    ######.


Dungeon Overview and Level Annotations

Branches:
Dungeon (3/15)

Annotations:
D:3 Grinder


Innate Abilities, Weirdness & Mutations

You have an increased reservoir of magic. (+10% MP)


Message History

Confirm with . or Enter, or press ? or * to list all spells.
The spell is quite dangerous to cast (12% risk of failure)!
Continue anyway? [Y]es or [N]o only, please.
The spell is quite dangerous to cast (12% risk of failure)!
Continue anyway?
The fire begins to smolder!
The foxfire hits Grinder.
Grinder is moderately wounded.
Grinder gestures at you. You resist with significant effort.
Casting: Conjure Flame (quite dangerous; 12% risk of failure)
Confirm with . or Enter, or press ? or * to list all spells.
The spell is quite dangerous to cast (12% risk of failure)!
Continue anyway?
The fire ignites!
You are engulfed in blazing flames.
Ouch! That really hurt!
* * * LOW HITPOINT WARNING * * *
Grinder blinks!
Grinder zaps a wand.
The puff of flame misses you.
Casting: Conjure Flame (quite dangerous; 12% risk of failure)
Confirm with . or Enter, or press ? or * to list all spells.
You conjure some foxfire!
Grinder zaps a wand.
The puff of flame hits you!
You die...

.........###.## .#
.........# #..# .#
....###### ##.## .#
....#########..##.#
....#.............#
....#...........#.#
....#.....÷...#.#.#
....#.........#...#
...........)).##@v#.###.
..........÷.5..§.v......
.............######.####
...........).#### .#
.............'..#
####.........##.#
####.#.....####.#
.....#.##### #.#
.#####.#
#.#################


You could see Grinder.

Vanquished Creatures
  An orc wizard (D:3)
  2 adders
  An ooze (D:2)
  2 worms (D:2)
  5 dart slugs
  7 leopard geckos
  3 orcs (D:3)
  8 bats
  2 giant cockroaches
  11 goblins
  7 hobgoblins
  7 kobolds
  2 ball pythons
  4 frilled lizards
  8 rats
70 creatures vanquished.

Vanquished Creatures (others)
  222 foxfires
222 creatures vanquished.

Grand Total: 292 creatures vanquished

Notes
Turn   | Place    | Note
-------+----------+-------------------------------------------
     0 | D:1      | Borneo the Demigod Fire Elementalist began the quest for
                  | the Orb.
     0 | D:1      | Reached XP level 1. HP: 14/14 MP: 5/5
   391 | D:1      | Reached XP level 2. HP: 20/20 MP: 4/7
   478 | D:1      | Reached skill level 1 in Conjurations
  1400 | D:2      | Reached XP level 3. HP: 26/26 MP: 6/8
  1405 | D:2      | Learned a level 3 spell: Conjure Flame
  2374 | D:2      | Reached XP level 4. HP: 33/33 MP: 6/10
  2511 | D:2      | Learned a level 3 spell: Inner Flame
  3305 | D:3      | Found an iron altar of Okawaru.
  3329 | D:3      | Noticed Grinder
  3339 | D:3      | Killed from afar by Grinder

Illustrated notes

Levels and vault maps discovered:
D:1:      minmay_arrival_radiant_lines, layout_loops_corners,
          minmay_strange_pillars
D:2:      layout_basic, first_ration
D:3:      layout_basic, lemuel_coloured_pillars_altar, minmay_misc_feat_five,
          serial_bayou_crossing, uniq_grinder

Skill      XL: |  1  2  3  4 |
---------------+-------------+-----
Fire Magic     | 3 |  3.7
Conjurations   | 1 2 |  2.0
Spellcasting   | 2 3 |  3.0
Stealth        | 2 |  2.1
Dodging        | 2 |  2.1

Action                   |  1- 3 |  4- 6 || total
-------------------------+-------+-------++-------
 Cast: Foxfire           |    90 |    50 ||   140
       Conjure Flame     |       |     2 ||     2
  Use: Scroll            |       |     4 ||     4
  Eat: Chunk             |     5 |     3 ||     8
Armor: Robe              |     4 |     3 ||     7
Dodge: Dodged            |    19 |     3 ||    22
